 Dungeon Crawl Stone Soup version 0.22.0-32-gbc6daba (webtiles) character file.

257 Monsterracer the Digger (level 6, -7/41 HPs)
             Began as a Barachi Earth Elementalist on Aug 23, 2018.
             Mangled by a gnoll
             ... wielding a cursed -2 halberd
              (14 damage)
             ... on level 4 of the Dungeon.
             The game lasted 00:06:43 (3674 turns).

Monsterracer the Digger (BaEE)                      Turns: 3674, Time: 00:06:43

Health: -7/41      AC:  3    Str:  9    XL:     6   Next: 16%
Magic:  11/11      EV: 11    Int: 17    God:
Gold:   216        SH:  0    Dex: 13    Spells: 1/12 levels left

rFire    . . .     SeeInvis +   k - +2 club
rCold    . . .     Gourm    .   (no shield)
rNeg     . . .     Faith    .   d - +0 robe
rPois    .         Spirit   .   j - +0 helmet
rElec    .         Reflect  .   (no cloak)
rCorr    .         Harm     .   (no gloves)
MR       .....                  (no boots)
Stlth    +.........             f - amulet of magic regeneration
HPRegen  0.13/turn              e - ring of see invisible
MPRegen  0.37/turn              (no ring)

@: can't hop, very slightly contaminated, heavily drained, slow
A: +LOS, swims, slowness 1, strong legs 1
a: Hop


You were on level 4 of the Dungeon.
You were not hungry.

You visited 1 branch of the dungeon, and saw 4 of its levels.

You collected 216 gold pieces.

Inventory:

Hand Weapons
 k - a +2 club (weapon)
Missiles
 b - 103 stones (quivered)
Armour
 d - a +0 robe (worn)
 j - a +0 helmet (worn)
Jewellery
 e - a ring of see invisible (left hand)
 f - an amulet of magic regeneration (around neck)
Scrolls
 h - a scroll of remove curse
Potions
 a - a potion of heal wounds
 m - a potion of might
Comestibles
 c - 5 rations
 n - 4 chunks of flesh


   Skills:
 - Level 2.1(0.2) Dodging
 - Level 1.7(0.0) Stealth
 + Level 3.7(1.6) Spellcasting
 + Level 2.3(0.3) Conjurations
 - Level 1.1(0.0) Transmutations
 * Level 5.4(3.2) Earth Magic


You had one spell level left.
You knew the following spells:

 Your Spells              Type           Power        Failure   Level  Hunger
a - Sandblast             Erth           ##....       5%          1    ##.....
c - Stone Arrow           Conj/Erth      #.....       28%         3    ####...
d - Lee's Rapid Deconstr  Erth           ##........   82%         5    ######.
x - Passwall              Tmut/Erth      #.......     16%         2    ###....

Your spell library contained the following spells:

 Spells                   Type           Power        Failure   Level  Hunger
 Petrify                  Tmut/Erth      #.......     71%         4    #####..


Dungeon Overview and Level Annotations

Branches:
Dungeon (4/15)
 Temple: D:4-7

Altars:

Annotations:
D:4 Edmund, Eustachio


Innate Abilities, Weirdness & Mutations

Shadows flee at your approach. (+LOS)
You can swim through water.
You cover ground slowly.
You can hop short distances.


Message History

The leopard gecko skeleton misses you.
You hit the leopard gecko skeleton.
The leopard gecko skeleton is heavily damaged.
The leopard gecko skeleton barely misses you.
The leopard gecko skeleton bites you but does no damage.
Casting: Stone Arrow (safe; 14% risk of failure)
Confirm with . or Enter, or press ? or * to list all spells.
Aiming: Sandblast (safe; 2% risk of failure)
Press: ? - help, Shift-Dir - straight line, f/p - leopard gecko skeleton
Aim: a leopard gecko skeleton (heavily damaged)
The blast of sand hits the leopard gecko skeleton.
You destroy the leopard gecko skeleton!
b - 103 stones You now have 6/11 mp.
Edmund shouts!
You hear a shout!
Eustachio the Magnificent comes into view.
He is wielding a rapier of speed.
Eustachio gestures wildly while chanting.
Eustachio blinks!
You see here a brass ring.
e - a brass ring A leopard gecko comes into view.
Eustachio gestures wildly while chanting.
MP restored: 11
Found a stone staircase leading down.
The leopard gecko hisses angrily.
You see here a scroll of identify.
As you read the scroll of identify, it crumbles to dust.
a - a potion of heal wounds Edmund barely misses you.
Put on which piece of jewellery? (? for menu, Esc to quit)
e - a ring of see invisible (left hand) Eustachio mumbles some strange words.
Eustachio blinks!
Edmund hits you with a flail of draining!
You feel drained. The leopard gecko bites you.
* * * LOW HITPOINT WARNING * * *
The shadow imp grinds its teeth.
You take 15 damage, and have 20/41 hp.
MASSIVE DAMAGE!!
Edmund hits you with a flail of draining.
* * * LOW HITPOINT WARNING * * *
You feel drained.
You take 1 damage, and have 19/41 hp.
Okay, then.
Okay, then.
Okay, then.
You fade into invisibility!
You are very lightly contaminated with residual magic.
Edmund barely misses you.
The shadow imp disappears in a puff of smoke!
Eustachio screams, "At last I'll have my revenge!"
Edmund clears his throat.
Edmund barely misses you.
Found 21 arrows.
You hit Edmund but do no damage.
Edmund hits you with a flail of draining.
* * * LOW HITPOINT WARNING * * *
You feel drained.
* * * LOW HITPOINT WARNING * * *
You take 3 damage, and have 18/41 hp.
Edmund hits you but does no damage.
You feel drained.
Okay, then.
Okay, then.
You flicker for a moment.
You hear the hiss of a distant avalanche of sand.
The hound barks!
Edmund hits you with a flail of draining.
* * * LOW HITPOINT WARNING * * *
You feel drained.
You take 5 damage, and have 14/41 hp.
You flicker back into view.
The leopard gecko bites you but does no damage.
Eustachio mumbles some strange words.
Eustachio blinks!
The leopard gecko barely misses you. The leopard gecko barely misses you.
The leopard gecko closely misses you.
You see here 16 gold pieces.
The hound bites you.
* * * LOW HITPOINT WARNING * * *
You take 1 damage, and have 14/41 hp.
The hound closely misses you. The leopard gecko bites you.
* * * LOW HITPOINT WARNING * * *
You take 2 damage, and have 12/41 hp.
The hound pauses to sniff the ground.
The hound closely misses you. The hound bites you but does no damage.
The leopard gecko bites you but does no damage.
The hound misses you. The hound bites you.
* * * LOW HITPOINT WARNING * * *
You take 3 damage, and have 9/41 hp.
The gnoll shouts!
The gnoll closely misses you. The hound bites you.
* * * LOW HITPOINT WARNING * * *
You take 3 damage, and have 6/41 hp.
Hop to where?
Press: ? - help, Dir - move target cursor Boing!
The gnoll hits you from afar with a halberd!
You die...

#.###...@...........
## #.#
#.........#####.
##.##.###........##
#.
#......@....$....#
#.
....#..h###.......##
##. ##....#l.......#
##.. ##.g.....(....#
##...
##......####.......#
..#@................
..
##...#####.....##. .
##.....##..##. ##
##..#..... #/
........ . ####
.###.


You could see Eustachio, a hound, a gnoll and a leopard gecko.

Vanquished Creatures
  Natasha (twice) (D:2)
  Robin (D:1)
  2 gnolls
  7 adders
  An ooze (D:2)
  2 worms (D:2)
  2 dart slugs (D:1)
  A leopard gecko (D:2)
  4 orcs (D:3)
  A ball python (D:1)
  11 bats
  A giant cockroach (D:4)
  16 goblins
  10 hobgoblins
  9 jackals
  2 quokkas
  6 frilled lizards
  9 kobolds
  A leopard gecko skeleton (D:4)
  9 rats
97 creatures vanquished.

Notes
Turn   | Place    | Note
-------+----------+-------------------------------------------
     0 | D:1      | Monsterracer the Barachi Earth Elementalist began the quest for the Orb.
     0 | D:1      | Reached XP level 1. HP: 13/13 MP: 3/3
   250 | D:1      | Reached XP level 2. HP: 19/19 MP: 3/5
   510 | D:1      | HP: 9/19 [kobold/whip (5)]
   781 | D:1      | Reached XP level 3. HP: 17/24 MP: 0/6
   786 | D:1      | Learned a level 3 spell: Stone Arrow
  1133 | D:2      | Reached skill level 4 in Earth Magic
  1280 | D:2      | Noticed Robin
  1363 | D:1      | HP: 12/24 [Robin/enchanted club (2)]
  1380 | D:1      | Killed Robin
  1380 | D:1      | Reached XP level 4. HP: 12/30 MP: 0/8
  1634 | D:2      | HP: 15/30 [goblin[Robin] (3)]
  1906 | D:2      | Reached skill level 1 in Conjurations
  2035 | D:2      | Noticed Natasha
  2044 | D:2      | Killed Natasha
  2044 | D:2      | Reached XP level 5. HP: 32/35 MP: 4/9
  2701 | D:2      | Noticed Natasha
  2704 | D:2      | Killed Natasha
  2769 | D:3      | Reached skill level 5 in Earth Magic
  3469 | D:3      | Reached XP level 6. HP: 41/41 MP: 8/11
  3479 | D:3      | Learned a level 5 spell: Lee's Rapid Deconstruction
  3482 | D:3      | Learned a level 2 spell: Passwall
  3519 | D:4      | Noticed Edmund
  3626 | D:4      | Noticed Eustachio
  3637 | D:4      | HP: 20/41 [leopard gecko (5)]
  3649 | D:4      | HP: 19/41 [Edmund/flail of draining (2)]
  3657 | D:4      | HP: 14/41 [Edmund/flail of draining (5)]
  3667 | D:4      | HP: 14/41 [hound (2)]
  3672 | D:4      | HP: 9/41 [hound (3)]
  3674 | D:4      | Mangled by a gnoll

Skill      XL: |  1  2  3  4  5 |
---------------+----------------+-----
Earth Magic    | 4 5 |  5.4
Spellcasting   | 3 |  3.7
Conjurations   | 1 2 |  2.3
Dodging        | |  2.1
Stealth        | |  1.7
Transmutations | |  1.1

Action                   |  1- 3 |  4- 6 || total
-------------------------+-------+-------++-------
Melee: Mace              |     7 |       ||     7
       Club              |       |    30 ||    30
 Cast: Sandblast         |    51 |    71 ||   122
       Stone Arrow       |     4 |    18 ||    22
 Abil: Hop               |     1 |     2 ||     3
  Use: Scroll            |       |     7 ||     7
       Potion            |       |     1 ||     1
 Stab: Sleeping          |       |     1 ||     1
  Eat: Chunk             |     2 |    10 ||    12
Armor: Robe              |     5 |    26 ||    31
Dodge: Dodged            |    21 |    76 ||    97

Vault maps used:
D:1:      elethiomel_arrival_shortcut
D:2:      uniq_natasha, uniq_robin
D:4:      nicolae_ossuary_entry_giza, first_ration, uniq_crazy_yiuf_cottage,
          uniq_edmund, uniq_eustachio
